 Dungeon Crawl Stone Soup version 0.20.0-14-g326068f (webtiles) character file.

6462 skittles the Arsonist (level 10, 0/69 HPs)
             Began as a Green Draconian Fire Elementalist on June 8, 2017.
             Was an Elder of Vehumet.
             Slain by stickyfingers's ghost (29 damage)
             ... on level 9 of the Dungeon.
             The game lasted 00:31:37 (11474 turns).

skittles the Arsonist (DrFE)                       Turns: 11474, Time: 00:31:38

Health: 0/69       AC:  7    Str: 12    XL:     10   Next: 68%
Magic:  6/13       EV: 12    Int: 18    God:    Vehumet [****..]
Gold:   255        SH:  0    Dex:  9    Spells: 5/13 levels left

rFire    + . .     SeeInvis .   M - +2 scimitar (flame)
rCold    . . .     Gourm    .   (no shield)
rNeg     . . .     Faith    .   (armour unavailable)
rPois    +         Spirit   .   (helmet restricted)
rElec    .         Reflect  .   H - scarf {cloud immunity}
rCorr    .         Harm     .   (no gloves)
MR       +....                  (no boots)
Stlth    +++.......             (no amulet)
Regen    0.3/turn               s - ring of protection from magic
MPRegen  0.2/turn               (no ring)

@: no status effects
A: breathe noxious fumes, unfitting armour, camouflage 1, clumsy 1, fire
resistance 1, poison resistance, cold-blooded, MP-powered wands, AC +7
a: Breathe Noxious Fumes, Renounce Religion


You were on level 9 of the Dungeon.
You worshipped Vehumet.
Vehumet was greatly pleased with you.
You were hungry.

You visited 2 branches of the dungeon, and saw 10 of its levels.

You collected 450 gold pieces.
You spent 195 gold pieces at shops.

Inventory:

Hand Weapons
 p - a +0 spear
 t - a +4 morningstar
 M - a +2 scimitar of flaming (weapon)
Armour
 H - a scarf of cloud immunity (worn)
Jewellery
 l - an uncursed ring of wizardry {unknown}
 s - a ring of protection from magic (left hand)
 x - an uncursed ring of ice
Wands
 y - a wand of digging (17/24)
 C - a wand of flame (27/48)
 F - a wand of digging (10/24)
 J - a wand of flame (18/48)
Scrolls
 g - a scroll of identify
 i - 2 scrolls of recharging
 k - 3 scrolls of blinking
 m - 5 scrolls of magic mapping
 n - 6 scrolls of remove curse
 q - a scroll of fog
 r - 3 scrolls of enchant weapon
 v - 2 scrolls of teleportation
Potions
 c - 2 potions of might
 d - 2 potions of haste
 e - 2 potions of lignification
 h - a potion of magic
 o - 2 potions of curing
 z - 2 potions of cancellation
 A - 2 potions of flight
 D - 2 potions of ambrosia
 E - a potion of brilliance
Books
 a - a book of Flames

   Spells                             Type                      Level
   a - Flame Tongue                   Conjuration/Fire             1
   b - Throw Flame                    Conjuration/Fire             2
   c - Conjure Flame                  Conjuration/Fire             3
   d - Inner Flame                    Hexes/Fire                   3
   e - Sticky Flame                   Conjuration/Fire             4
   f - Fireball                       Conjuration/Fire             5
 f - a book of Transfigurations

   Spells                             Type                      Level
   a - Irradiate                      Conjuration/Transmutation    5
   b - Statue Form                    Transmutation/Earth          6
   c - Hydra Form                     Transmutation                6
   d - Dragon Form                    Transmutation                7
 I - a book of Necromancy

   Spells                             Type                      Level
   a - Pain                           Necromancy                   1
   b - Animate Skeleton               Necromancy                   1
   c - Vampiric Draining              Necromancy                   3
   d - Regeneration                   Charms/Necromancy            3
   e - Animate Dead                   Necromancy                   4
   f - Control Undead                 Necromancy                   4
 L - a book of Geomancy

   Spells                             Type                      Level
   a - Sandblast                      Earth                        1
   b - Passwall                       Transmutation/Earth          2
   c - Stone Arrow                    Conjuration/Earth            3
   d - Petrify                        Transmutation/Earth          4
   e - Lee's Rapid Deconstruction     Earth                        5
Comestibles
 b - 4 bread rations
 j - a royal jelly
 G - a meat ration


   Skills:
 - Level 1.7 Dodging
 - Level 1.7 Stealth
 - Level 2.0 Spellcasting
 + Level 11.5 Conjurations
 + Level 11.6 Fire Magic


You had 5 spell levels left.
You knew the following spells:

 Your Spells              Type           Power        Failure   Level  Hunger
a - Flame Tongue          Conj/Fire      #####        1%          1    #......
b - Conjure Flame         Conj/Fire      #####...     1%          3    ###....
c - Sticky Flame          Conj/Fire      #####...     1%          4    #####..


Dungeon Overview and Level Annotations

Branches:
Dungeon (9/15)             Temple (1/1) D:4            Lair (0/6) D:8
    Orc: D:9-12

Altars:
Cheibriados
Elyvilon
Fedhas
Gozag
Hepliaklqana
Makhleb
Nemelex Xobeh
Okawaru
Qazlal
Ru
Trog
Vehumet
Xom
Yredelemnul
The Shining One

Shops:
D:5 (:=*?   D:6 :

Annotations:
D:9 stickyfingers's ghost, novice TrVM


Innate Abilities, Weirdness & Mutations

You can breathe blasts of noxious fumes.
Your lurid green scales are hard. (AC +7)
You cannot fit into any form of body armour.
Your system is resistant to poisons. (rPois)
You are cold-blooded and may be slowed by cold attacks.
Your skin changes colour to match your surroundings (Stealth+).
You are clumsy. (Dex -2)
Your flesh is heat resistant. (rF+)
You expend magic power (3 MP) to strengthen your wands.


Message History

Stickyfingers's ghost hits you!!
* * * LOW HITPOINT WARNING * * *
Stickyfingers's ghost is engulfed in blazing flames.
Stickyfingers's ghost is engulfed in blazing flames.
Stickyfingers's ghost is engulfed in blazing flames.
There is an escape hatch in the floor here.
Casting: Conjure Flame
Confirm with . or Enter, or press ? or * to list all spells.
Aiming: Flame Tongue
Press: ? - help, Shift-Dir - straight line, f - stickyfingers's ghost
Aim: stickyfingers's ghost (almost destroyed)
The flame tongue hits stickyfingers's ghost.
Stickyfingers's ghost appears unharmed.
Stickyfingers's ghost is almost destroyed.
You are feeling hungry.
Stickyfingers's ghost tells you, "None of this matters.
None of this is real!"
Stickyfingers's ghost hits you.
* * * LOW HITPOINT WARNING * * *
You feel much better. Stickyfingers's ghost hits you!!
You die...

#################################
.........>.....W@................
...########......................
...# #..####...###...######. ...#
#..# #...# #...# #. ...# #..#
#.).# #...# #. ...# #..# #...#
#...# #. ..W# #..# #...# #...# #.
...# #..# #...# #...# #. ...#
#..# #...# #...# #.


You could see stickyfingers's ghost.

Vanquished Creatures
  2 two-headed ogres (D:8)
  Erica (D:8)
  Psyche (D:8)
  A water moccasin (D:8)
  Duvessa (D:4)
  3 ice beasts
  A sky beast (D:6)
  An eye of draining (D:8)
  A phantom (D:8)
  3 ogres
  2 orc warriors
  6 centaurs
  2 big kobolds
  3 bullfrogs
  Dowan (D:4)
  A wyvern skeleton (D:8)
  A scorpion (D:8)
  7 killer bees
  10 wights
  2 howler monkeys
  4 crimson imps
  A bullfrog zombie (D:5)
  A centaur zombie (D:6)
  A jelly (D:8)
  5 orc priests
  A bullfrog skeleton (D:4)
  9 hounds
  8 worker ants
  2 centaur skeletons
  3 iguanas
  3 orc wizards
  2 worker ant zombies
  4 gnolls (D:5)
  10 adders
  An ooze (D:7)
  An adder skeleton (D:4)
  2 worms
  4 leopard geckos
  29 orcs
  2 ball pythons
  9 giant cockroaches
  4 goblins
  6 hobgoblins
  17 jackals
  6 quokkas
  5 bats
  4 frilled lizards
  2 giant cockroach zombies
  20 kobolds
  A quokka zombie (D:5)
  9 rats
226 creatures vanquished.

Vanquished Creatures (others)
  2 fungi (D:8)
2 creatures vanquished.

Grand Total: 228 creatures vanquished

Notes
Turn   | Place    | Note
-------+----------+-------------------------------------------
     0 | D:1      | skittles the Draconian Fire Elementalist began the quest for the Orb.
     0 | D:1      | Reached XP level 1. HP: 14/14 MP: 3/3
   463 | D:1      | Reached XP level 2. HP: 12/20 MP: 3/5
  1436 | D:2      | Reached XP level 3. HP: 25/26 MP: 6/6
  1568 | D:2      | Found a sparkling altar of Nemelex Xobeh.
  1568 | D:2      | Found a bloodstained altar of Trog.
  2476 | D:3      | Reached XP level 4. HP: 30/33 MP: 7/7
  2505 | D:3      | Found a faded altar of an unknown god.
  3150 | D:3      | Learned a level 3 spell: Conjure Flame
  3168 | D:4      | Reached XP level 5. HP: 38/38 MP: 8/8
  3477 | D:4      | Found a staircase to the Ecumenical Temple.
  3489 | Temple   | Entered the Ecumenical Temple
  3556 | Temple   | Became a worshipper of Vehumet
  3648 | D:4      | Reached skill level 5 in Fire Magic
  3802 | D:4      | Reached XP level 6. HP: 22/45 MP: 6/9
  3958 | D:4      | Found a hazy altar of Hepliaklqana.
  4473 | D:4      | Reached * piety under Vehumet
  4473 | D:4      | Offered knowledge of Sandblast by Vehumet.
  4485 | D:4      | Reached skill level 5 in Conjurations
  4501 | D:4      | Learned a level 4 spell: Sticky Flame
  4675 | D:4      | Noticed Duvessa
  4675 | D:4      | Noticed Dowan
  4687 | D:4      | Killed Duvessa
  4687 | D:4      | Your scales start taking on a lurid green colour.
  4687 | D:4      | Reached XP level 7. HP: 45/50 MP: 2/10
  4687 | D:4      | Gained mutation: Your system is resistant to poisons. (rPois) [Green Draconian growth]
  4703 | D:4      | Killed Dowan
  4895 | D:5      | Entered Level 5 of the Dungeon
  5223 | D:5      | Found Orunk's General Store.
  5231 | D:5      | HP: 2/50 [ogre/giant club (20)]
  5524 | D:5      | Bought a potion of heal wounds for 75 gold pieces
  5524 | D:5      | Bought a potion of cancellation for 120 gold pieces
  5529 | D:5      | Gained mutation: You are clumsy. (Dex -2) [potion of mutation]
  5529 | D:5      | Gained mutation: You expend magic power (3 MP) to strengthen your wands. [potion of mutation]
  5529 | D:5      | Gained mutation: Your skin changes colour to match your surroundings (Stealth+). [potion of mutation]
  5529 | D:5      | Gained mutation: Your flesh is heat resistant. (rF+) [potion of mutation]
  5538 | D:5      | Reached XP level 8. HP: 57/57 MP: 8/11
  5602 | D:5      | Found Obeff's Jewellery Boutique.
  5613 | D:5      | Found Den Samn's Book Shoppe.
  5687 | D:5      | Found Okhax's Antique Weapon Shop.
  6419 | D:5      | Offered knowledge of Freeze by Vehumet.
  6484 | D:5      | Found Upapleon's Magic Scroll Shop.
  6490 | D:5      | Reached ** piety under Vehumet
  6897 | D:6      | Found a snail-covered altar of Cheibriados.
  6992 | D:6      | Found a sacrificial altar of Ru.
  7275 | D:6      | Found Lidimofy's Book Shoppe.
  7908 | D:7      | Reached XP level 9. HP: 45/62 MP: 3/12
  8370 | D:7      | Offered knowledge of Dazzling Spray by Vehumet.
  8479 | D:7      | Reached *** piety under Vehumet
  8664 | D:7      | Found a white marble altar of Elyvilon.
  9502 | D:8      | Noticed Erica
  9525 | D:8      | Killed Erica
  9525 | D:8      | Reached skill level 10 in Conjurations
  9525 | D:8      | Reached skill level 10 in Fire Magic
  9626 | D:8      | Offered knowledge of Iskenderun's Mystic Blast by Vehumet.
  9651 | D:8      | Noticed a two-headed ogre
  9707 | D:8      | Killed a two-headed ogre
  9707 | D:8      | Reached XP level 10. HP: 60/69 MP: 3/13
 10128 | D:8      | Noticed a two-headed ogre
 10146 | D:8      | Killed a two-headed ogre
 10435 | D:8      | Found a staircase to the Lair.
 10695 | D:8      | Found a blossoming altar of Fedhas.
 10748 | D:8      | Noticed Psyche
 10770 | D:8      | Killed Psyche
 11274 | D:9      | Reached **** piety under Vehumet
 11445 | D:9      | Noticed stickyfingers's ghost (novice TrVM)
 11474 | D:9      | Slain by stickyfingers's ghost

Skill      XL: |  1  2  3  4  5  6  7  8  9 10 |
---------------+-------------------------------+-----
Conjurations   | 2 3 4 5 6 8 10 11 | 11.5
Fire Magic     | 4 5 6 7 8 10 11 | 11.6
Dodging        | |  1.7
Stealth        | |  1.7
Spellcasting   | |  2.0

Action                   |  1- 3 |  4- 6 |  7- 9 | 10-12 || total
-------------------------+-------+-------+-------+-------++-------
Melee: Unarmed           |    13 |       |       |       ||    13
       Hand axe          |    12 |   108 |   251 |       ||   371
       Tailslap          |    12 |     7 |    26 |     8 ||    53
       Short sword       |   148 |    10 |       |       ||   158
       Morningstar       |       |       |    17 |       ||    17
       Spear             |       |       |     9 |       ||     9
       Scimitar          |       |       |     6 |    97 ||   103
 Cast: Flame Tongue      |    22 |    19 |    67 |    38 ||   146
       Sticky Flame      |       |     2 |    24 |     8 ||    34
       Conjure Flame     |       |       |     4 |     7 ||    11
 Abil: Breathe Noxious F |       |       |     3 |     3 ||     6
  Use: Scroll            |       |       |    19 |       ||    19
       Potion            |       |       |     1 |     1 ||     2
 Stab: Sleeping          |     3 |       |     5 |       ||     8
       Confused          |       |       |     1 |     1 ||     2
       Distracted        |       |       |     1 |       ||     1
  Eat: Chunk             |     5 |     8 |    18 |     7 ||    38
       Bread ration      |       |       |     1 |       ||     1
       Royal jelly       |       |       |     1 |     1 ||     2
Armor: Skin              |    96 |    39 |   133 |    51 ||   319
Dodge: Dodged            |   160 |    97 |   228 |    81 ||   566
       Rpst.: Scimitar   |       |       |     4 |    20 ||    24
